Map: Ulrena

Players

juhyg - Winner!

  • Race: Zerg Zerg
  • League: Bronze

A.I. 1 (Hard)

  • Race: Protoss Protoss

VOD

Have the link to the VOD?

Description

Time

  • Played on: Feb. 7, 2016, 6:24 p.m.
  • Length: 8:53
Show
View Real Time Build Order
Export as new Build Order

juhyg Zerg - Winner!

Build Orders: Hatch First 

Get SALT Encoding   

  12  0:30  Drone  
  12  0:33  Hatchery  
  12  0:35  Drone  
  13  0:40  Drone  
  14  1:00  Spawning Pool  
  14  1:02  Drone  
  14  1:09  Overlord  
  14  1:30  Drone x2  
  14  1:31  Drone  
  17  1:51  Drone x2  
  17  1:52  Queen  
  21  1:57  Extractor  
  21  1:58  Drone x2  
  22  2:02  Queen  
  22  2:04  Drone  
  25  2:19  Drone x3  
  28  2:37  Overlord x3  
  28  2:45  Extractor  
  27  3:05  Roach Warren  
  26  3:08  Drone  
  26  3:09  Drone x2  
  29  3:14  Lair  
  29  3:16  Drone x4  
  29  3:17  Drone  
  34  3:21  Zergling x2  
  34  3:22  Zergling x2  
  34  3:24  Zergling x2  
  38  3:27  Zergling x2  
  38  3:35  Metabolic Boost  
  38  3:37  Zergling x2  
  38  3:38  Zergling x2  
  38  3:41  Drone  
  41  3:47  Drone x3  
  44  3:49  Drone  
  45  3:55  Extractor  
  44  4:11  Roach x4  
  52  4:40  Overlord x4  
  52  4:56  Infestation Pit  
  51  5:00  Spire  
  51  5:06  Drone x3, Hydralisk Den  
  52  5:12  Roach x4  
  52  5:13  Roach x4  
  68  5:22  Roach x3  
  68  5:25  Roach  
  76  5:28  Overseer  
  76  5:44  Drone x3  
  76  5:48  Extractor  
  78  5:50  Hydralisk x3  
  78  5:52  Overlord  
  78  5:55  Overlord  
  84  5:59  Overlord  
  84  6:08  Hive  
  84  6:20  Zergling x6  
  84  6:21  Zergling x4  
  89  6:37  Zerg Flyer Weapons Level 1  
  81  6:59  Roach x3  
  81  7:00  Roach x4  
  95  7:02  Zergling x2  
  95  7:03  Zergling x6  
  99  7:14  Zergling x6  
  93  7:48  Zergling x4  
  93  7:49  Zergling x8  
  97  8:00  Zergling x4  
  99  8:20  Zergling x4  
  99  8:26  Zergling x2  
Show
View Real Time Build Order
Export as new Build Order

A.I. 1 (Hard) Protoss 

Build Orders:  

Get SALT Encoding   

  12  0:01  Probe (Chrono Boost)  
  13  0:11  Probe (Chrono Boost)  
  14  0:20  Pylon  
  14  0:22  Probe (Chrono Boost)  
  15  0:38  Probe (Chrono Boost)  
  16  0:47  Assimilator  
  16  0:49  Probe (Chrono Boost)  
  17  0:51  Gateway  
  17  0:59  Probe (Chrono Boost)  
  17  1:00  Pylon  
  18  1:10  Probe (Chrono Boost)  
  19  1:22  Probe (Chrono Boost)  
  20  1:36  Zealot  
  20  1:41  Cybernetics Core  
  20  1:43  Gateway  
  20  1:46  Assimilator  
  22  2:01  Pylon  
  22  2:14  Stalker  
  22  2:19  Warp Gate  
  24  2:30  Zealot  
  26  2:45  Stalker  
  26  2:46  Pylon  
  28  3:00  Stalker  
  30  3:16  Probe (Chrono Boost), Stalker  
  33  3:22  Pylon  
  34  3:28  Probe (Chrono Boost)  
  34  3:29  Stalker  
  36  3:40  Probe (Chrono Boost)  
  37  3:46  Adept  
  37  3:47  Forge  
  39  3:52  Probe (Chrono Boost)  
  40  4:00  Stalker  
  42  4:03  Probe (Chrono Boost)  
  43  4:15  Probe (Chrono Boost)  
  44  4:23  Adept  
  46  6:21  Protoss Ground Weapons Level 1  
  46  6:25  Stalker  
  48  6:27  Gateway  
  48  6:30  Twilight Council  
  48  6:31  Photon Cannon  
  48  6:33  Photon Cannon  
  48  6:34  Nexus  
  48  6:35  Stalker  
  48  6:36  Robotics Facility  
  48  6:39  Stargate  
  50  6:41  Forge  
  50  6:44  Pylon  
  50  6:46  Stalker  
  36  6:57  Stalker  
  34  7:08  Stalker  
  30  7:19  Stalker  
  30  7:30  Stalker  
  30  7:40  Stalker  
  32  7:46  Pylon  
  26  7:52  Stalker  
  26  7:56  Nexus  
  24  8:02  Pylon, Zealot  
  21  8:14  Zealot  
  21  8:33  Zealot  
Tags
 
League
Bronze
Matchup
PvZ
Add a new tag
Caveats
  • Supply blocks, unpowered buildings, or Contaminate may cause inaccurate times.
  • Supply counts are checked every 10 seconds.